 Dungeon Crawl Stone Soup version 0.31-a0-182-gc5ef74bbde (webtiles) character file.

Game seed: 10256054725443764201

3616 gelatine the Firebug (level 9, -2/65 HPs)
             Began as a Demonspawn Fire Elementalist on June 20, 2023.
             Was a Follower of Vehumet.
             Slain by a black bear (7 damage)
             ... on level 7 of the Dungeon.
             The game lasted 00:23:05 (9972 turns).

gelatine the Firebug (Demonspawn Fire Elementalist) Turns: 9972, Time: 00:23:06

Health: -2/65      AC: 12    Str:  8    XL:     9   Next: 86%
Magic:  11/18      EV: 13    Int: 21    God:    Vehumet [*.....]
Gold:   422        SH:  0    Dex: 14    Spells: 14/20 levels left

rFire   . . .        o - +1 short sword (protect)
rCold   . . .        (no shield)
rNeg    . . .        w - +3 leather armour {Will+}
rPois   +            (helmet restricted)
rElec   .            G - +0 cloak
rCorr   .            (no gloves)
SInv    .            i - +0 pair of boots
Will    +....        (no amulet)
Stlth   ++           u - +4 ring of protection
HPRegen 0.30/turn    t - ring of poison resistance
MPRegen 0.16/turn

%: no passive effects
@: no status effects
A: horns 2, powered by pain 2, sturdy frame 1
a: Renounce Religion


You were on level 7 of the Dungeon.
You worshipped Vehumet.
Vehumet was aware of your devotion.
You visited 2 branches of the dungeon, and saw 8 of its levels.
You also visited: Sewer.

You collected 422 gold pieces.

Inventory:

Hand Weapons
 e - a +2 dagger of venom
 o - a +1 short sword of protection (weapon)
Missiles
 z - a throwing net
Armour
 i - a +0 pair of boots (worn)
 w - a +3 leather armour of willpower (worn)
 G - a +0 cloak (worn)
Jewellery
 c - a +6 ring of strength
 j - a ring of wizardry
 r - an amulet of reflection
 t - a ring of poison resistance (right hand)
 u - a +4 ring of protection (left hand)
 H - an amulet of the acrobat
 I - a +4 ring of protection
Wands
 F - a wand of mindburst (30)
Scrolls
 d - 2 scrolls of noise {unknown}
 f - 2 scrolls of revelation
 g - a scroll of enchant armour {unknown}
 h - 3 scrolls of teleportation {unknown}
 k - 2 scrolls of poison {unknown}
 l - a scroll of blinking {unknown}
 m - a scroll of brand weapon {unknown}
 n - 2 scrolls of fear {unknown}
 p - 2 scrolls of fog {unknown}
 y - a scroll of amnesia {unknown}
 A - 4 scrolls of identify {unknown}
 B - a scroll of immolation {unknown}
 E - a scroll of vulnerability {unknown}
Potions
 a - 3 potions of enlightenment
 b - a potion of magic
 q - 2 potions of mutation {unknown}
 s - 3 potions of curing
 v - 2 potions of haste
 x - a potion of invisibility {unknown}
 C - 2 potions of attraction {unknown}
 D - a potion of cancellation {unknown}
 J - a potion of brilliance {unknown}
 K - a potion of might {unknown}


   Skills:
 * Level 4.2 Fighting
 + Level 1.3 Short Blades
 + Level 2.9 Armour
 * Level 4.0 Dodging
 + Level 2.4 Stealth
 * Level 3.3 Shields
 + Level 6.4 Spellcasting
 * Level 4.0 Conjurations
 + Level 2.1 Translocations
 * Level 7.2 Fire Magic
 * Level 2.5 Evocations


You had 14 spell levels left.
You knew the following spells:

 Your Spells              Type           Power      Damage    Failure   Level
a - Foxfire               Conj/Fire      100%       2x1d9     1%          1
b - Scorch                Fire           74%        2d8       1%          2
c - Volatile Blastmotes   Fire/Tloc      52%        2d14      4%          3

Your spell library contained the following spells:

 Spells                   Type           Power      Damage    Failure   Level
 Sandblast                Erth           12%        2d6       10%         1
 Magic Dart               Conj           92%        1d7       1%          1
 Searing Ray              Conj           46%        2d6       3%          2
 Inner Flame              Hex/Fire       21%        N/A       7%          3
 Necrotise                Necr           24%        1d5       10%         1
 Flame Wave               Conj/Fire      30%        2d9       10%         4
 Iskenderun's Mystic Bla  Conj/Tloc      19%        2d6       28%         4
 Vampiric Draining        Necr           6%         2d6       30%         3
 Fulminant Prism          Conj/Hex       7%         3d7       41%         4
 Agony                    Necr           6%         N/A       95%         5
 Lee's Rapid Deconstruct  Erth           3%         3d5*      95%         5


Dungeon Overview and Level Annotations

Branches:
Dungeon (7/15)             Temple (1/1) D:5           Sewer (visited)

Altars:
Ashenzari
Cheibriados
Dithmenos
Fedhas
Gozag
Kikubaaqudgha
Makhleb
Okawaru
Ru
Trog
Uskayaw
Vehumet
Wu Jian
Ignis


Innate Abilities, Weirdness & Mutations

You have a pair of horns on your head.
You sometimes gain power by taking damage.
Your movements are slightly less encumbered by armour. (ER -2)


Message History

It was a potion of curing.
You feel better. Something barely misses you.
You start removing your amulet.
You continue taking off your amulet of reflection.
You block the black bear's attack.
Keep disrobing?
The black bear claws you but does no damage. x2
You continue taking off your amulet of reflection.
The black bear bites you.
* * * LOW HITPOINT WARNING * * *
The black bear claws you.
* * * LOW HITPOINT WARNING * * *
The black bear claws you but does no damage.
You continue taking off your amulet of reflection.
The black bear bites you but does no damage.
The black bear claws you but does no damage.
The black bear claws you.
* * * LOW HITPOINT WARNING * * *
You continue taking off your amulet of reflection.
The black bear closely misses you. The black bear completely misses you.
The black bear closely misses you.
You finish taking off your amulet of reflection.
You start putting on your amulet.
You continue putting on your amulet of the acrobat.
The black bear closely misses you. x2
The black bear claws you but does no damage.
Keep equipping yourself?
You continue putting on your amulet of the acrobat.
The black bear bites you but does no damage.
The black bear claws you but does no damage. x2
You continue putting on your amulet of the acrobat.
The black bear bites you.
* * * LOW HITPOINT WARNING * * *
The black bear claws you but does no damage.
The black bear barely misses you.
You continue putting on your amulet of the acrobat.
The black bear bites you but does no damage.
The black bear claws you but does no damage. x2
You continue putting on your amulet of the acrobat.
The black bear bites you!
You die...

............+....................
............##'#####.##.##..##...
...................####.##'###...
..............)....#....#....#...
........######'##..#....#....#...
........# #8.8#..'....#...>#...
........#####8)8#####...#....#...
........#.#.#8{8#.#.######..##...
........##..'.Wh@..##..#######...
........#...##8##...#..#....#....
.......##'#########)##.#....#....
.......#..#.......#..#.#....#....
.......#..#.⌠...⌠.#..#.#....#....
.......#.W#..⌠....#..#.#....#....
.......##.'...⌠...'.##.###..##...
........###.W..⌠..###....#..##...
....<.....#.⌠...⌠.##.....'.......


You could see a wraith and a black bear.

Vanquished Creatures
  A two-headed ogre (D:7)
  Pikel (D:7)
  A hornet (D:7)
  A steam dragon (D:7)
  Menkaure (D:5)
  2 water moccasins
  2 orc warriors (D:7)
  A sky beast (D:6)
  2 ice beasts
  A black bear (D:7)
  2 lemures (D:7)
  A phantom (D:7)
  4 bullfrogs
  2 scorpions (D:4)
  A wight (D:7)
  A killer bee (D:7)
  A howler monkey (D:6)
  2 hounds
  An orc priest (D:4)
  5 iguanas
  2 sleepcaps (D:5)
  5 orc wizards
  3 gnolls (D:3)
  4 river rats (Sewer)
  13 adders
  2 white imps (D:6)
  An ufetubus (D:7)
  4 worms
  A dart slug (D:2)
  22 orcs
  7 endoplasms
  2 giant cockroaches
  13 goblins
  10 hobgoblins
  6 jackals
  6 quokkas
  10 ball pythons
  9 bats
  5 frilled lizards
  8 kobolds
  6 rats
172 creatures vanquished.

Vanquished Creatures (collateral kills)
  3 foxfires (D:3)
3 creatures vanquished.

Vanquished Creatures (others)
  544 foxfires
544 creatures vanquished.

Grand Total: 719 creatures vanquished

Notes
Turn   | Place    | Note
-------+----------+-------------------------------------------
     0 | D:1      | gelatine the Demonspawn Fire Elementalist began the quest
                  | for the Orb.
     0 | D:1      | Reached XP level 1. HP: 13/13 MP: 3/3
   325 | D:1      | Reached skill level 3 in Fire Magic
   325 | D:1      | Gained mutation: Your movements are slightly less
                  | encumbered by armour. (ER -2) [demonic ancestry]
   325 | D:1      | Reached XP level 2. HP: 19/19 MP: 0/5
   969 | D:1      | Learned a level 2 spell: Scorch
  1151 | D:1      | Reached XP level 3. HP: 25/25 MP: 0/6
  1625 | D:2      | Found a hide-covered altar of Uskayaw.
  2459 | D:3      | Reached XP level 4. HP: 31/31 MP: 4/7
  2553 | D:3      | Reached skill level 1 in Fighting
  3227 | D:3      | Found a faded altar of an unknown god.
  3573 | D:3      | Gained mutation: You sometimes gain a little power by
                  | taking damage. [demonic ancestry]
  3573 | D:3      | Reached XP level 5. HP: 31/37 MP: 1/9
  3735 | D:4      | Noticed a water moccasin
  3739 | D:4      | Killed a water moccasin
  3740 | D:4      | Reached skill level 1 in Armour
  3740 | D:4      | Reached skill level 4 in Fire Magic
  3821 | D:4      | Gained mutation: You have a pair of small horns on your
                  | head. [demonic ancestry]
  3821 | D:4      | Reached XP level 6. HP: 40/44 MP: 5/10
  4412 | D:4      | Learned a level 3 spell: Volatile Blastmotes
  4563 | D:4      | Reached skill level 1 in Shields
  4613 | D:4      | Found an ornate altar of the Wu Jian Council.
  4686 | D:4      | Gained mutation: You sometimes gain power by taking damage.
                  | [demonic ancestry]
  4686 | D:4      | Reached XP level 7. HP: 50/50 MP: 4/13
  5075 | D:5      | Entered Level 5 of the Dungeon
  5478 | D:5      | Found a staircase to the Ecumenical Temple.
  5490 | Temple   | Entered the Ecumenical Temple
  5549 | Temple   | Became a worshipper of Vehumet
  5615 | D:5      | Noticed Menkaure
  5627 | D:5      | Killed Menkaure
  5756 | D:5      | Found a bloodstained altar of Trog.
  5911 | D:5      | Reached skill level 5 in Fire Magic
  6170 | D:6      | Found a glowing drain.
  6203 | Sewer    | Entered a sewer
  6366 | Sewer    | Reached skill level 1 in Translocations
  6477 | Sewer    | Gained mutation: You have a pair of horns on your head.
                  | [demonic ancestry]
  6477 | Sewer    | Reached XP level 8. HP: 51/57 MP: 6/15
  7282 | D:6      | Reached * piety under Vehumet
  7282 | D:6      | Offered knowledge of Sandblast by Vehumet.
  7432 | D:6      | Reached skill level 5 in Spellcasting
  7925 | D:6      | Found a large runed translucent door.
  7929 | D:6      | Found a large runed translucent door.
  8178 | D:6      | Found an ancient bone altar of Kikubaaqudgha.
  8181 | D:6      | Found an opulent altar of Gozag.
  8639 | D:7      | Noticed Pikel
  8677 | D:7      | Killed Pikel
  8678 | D:7      | Reached skill level 1 in Short Blades
  8678 | D:7      | Reached XP level 9. HP: 47/63 MP: 0/17
  8819 | D:7      | Reached skill level 6 in Fire Magic
  9355 | D:7      | Reached skill level 1 in Evocations
  9851 | D:7      | Noticed a manticore
  9858 | D:7      | Noticed a two-headed ogre
  9863 | D:7      | Killed a two-headed ogre
  9864 | D:7      | Reached skill level 7 in Fire Magic
  9961 | D:7      | HP: 3/65 [something (4)]
  9972 | D:7      | Slain by a black bear

Illustrated notes

Levels and vault maps discovered:
D:1:      sevenhm_arrival_forest_fort_large_2, layout_basic
D:2:      layout_basic, basic_altar
D:3:      layout_basic, shapermc_ecumenical_altar_mp_urbaneastern,
          kennysheep_generic_room_2
D:4:      layout_basic, nicolae_wu_jian_immortal_techniques
D:5:      nicolae_cairo_tiling_large_dashed, layout_rooms, trog_hazing_becter,
          minmay_misc_feat_four_crosses, minmay_misc_feat_chi, uniq_menkaure
D:6:      layout_loops_ring, jmf_multi_god_temple2,
          cheibrodos_sewer_entry_drain, chequers_jeans
D:7:      minmay_chambers_of_sevens, layout_gridville, uniq_pikel
Temple:   pdpol_scorched_temple

Skill      XL: |  1  2  3  4  5  6  7  8  9 |
---------------+----------------------------+-----
Fire Magic     | 3 4 5 7 |  7.2
Dodging        | 2 3 4 |  4.0
Fighting       | 1 2 3 4 |  4.2
Stealth        | 2 |  2.4
Conjurations   | 2 3 4 |  4.0
Armour         | 1 2 |  2.9
Spellcasting   | 3 4 5 6 |  6.4
Shields        | 1 2 3 |  3.3
Translocations | 1 2 |  2.1
Short Blades   | 1 |  1.3
Evocations     | 2 |  2.5

Action                     |  1- 3 |  4- 6 |  7- 9 || total
---------------------------+-------+-------+-------++-------
  Melee: Dagger            |    19 |       |       ||    19
         Short sword       |       |    34 |    91 ||   125
         Headbutt          |       |     4 |    17 ||    21
         Punch             |       |     1 |     1 ||     2
   Cast: Foxfire           |    84 |    72 |   169 ||   325
         Scorch            |     1 |    34 |    77 ||   112
         Volatile Blastmot |       |       |    14 ||    14
    Use: Potion            |       |     1 |     3 ||     4
         Scroll            |       |       |     1 ||     1
   Stab: Sleeping          |     1 |       |       ||     1
 Armour: Leather armour    |     3 |    33 |    82 ||   118
  Dodge: Dodged            |    14 |    47 |    67 ||   128
  Block: Other             |       |    16 |    33 ||    49

Table legend: (Time is in decaauts)
 A = Elapsed time spent in this place.
 B = Non-inter-level travel time spent in this place.
 C = Inter-level travel time spent in this place.
 D = Time resting spent in this place.
 E = Time spent auto-exploring this place.
 F = Levels seen in this place.
 G = Mean time per level.
                   A        B        C        D        E       F      G
               +--------+--------+--------+--------+--------+-----+--------+
         Total |  10142 |   9906 |    236 |      0 |   8339 |   9 | 1126.9 |
       Dungeon |   8875 |   8644 |    231 |      0 |   7355 |   7 | 1267.9 |
        Temple |     65 |     60 |      5 |      0 |     33 |   1 |   65.0 |
         Sewer |   1201 |   1201 |      0 |      0 |    950 |   1 | 1201.0 |
               +--------+--------+--------+--------+--------+-----+--------+

Top non-repeatable levels by time:
     D:7: 1722 daAuts
     D:3: 1559 daAuts
     D:1: 1448 daAuts
   Sewer: 1201 daAuts
     D:4: 1183 daAuts
     D:6: 1091 daAuts
     D:5: 988 daAuts
     D:2: 882 daAuts
  Temple: 65 daAuts
